General information
- name: BNet
- type: Ladder 1vs1/FFA
- host: Battle.net
- saver: DirtMcGirt
map: LostTemple
- players: 2
- length: 15:34
- speed: Fast
- version: 1.23 W3XP
- replay type: Public
» download(63 KB)
Players
team 1 (loser)
Sujini (
pink | 99 APM | 1546 actions | 15:33)
5 Archmage
2 Summon Water Elemental
3 Brilliance Aura
2 Mountain King
1 Storm Bolt
1 Bash
» actions
| Assign group hotkey | 6 | |
| Basic commands | 1 | |
| Build / train | 82 | |
| Enter build submenu | 18 | |
| Enter hero's abilities submenu | 8 | |
| Give item / drop item | 1 | |
| Right click | 936 | |
| Select / deselect | 387 | |
| Select group hotkey | 4 | |
| Use ability | 103 | |
1546 total
» units
| Peasant | 12 | |
| Footman | 10 | |
| Rifleman | 10 | |
| Sorceress | 5 | |
| Priest | 2 | |
| Spell Breaker | 3 | |
| Mortar Team | 2 | |
44 total
» upgrades
| Gunpowder | 1 | |
| Plating | 1 | |
| Long Rifles | 1 | |
| Sorceress Training | 1 | |
4 total
» buildings
| Altar of Kings | 1 | |
| Farm | 7 | |
| Barracks | 1 | |
| Scout Tower | 1 | |
| Lumber Mill | 1 | |
| Arcane Tower | 2 | |
| Blacksmith | 1 | |
| Arcane Vault | 1 | |
| Keep | 1 | |
| Town Hall | 1 | |
| Arcane Sanctum | 1 | |
| Workshop | 1 | |
| Castle | 2 | |
21 total
» build order
00:06 Altar of Kings
00:19 Farm
00:39 Barracks
01:00 Farm
01:19 Scout Tower
01:46 Farm
01:59 Lumber Mill
02:47 Arcane Tower
02:48 Arcane Tower
02:54 Blacksmith
04:17 Arcane Vault
04:46 Keep
05:13 Farm
06:32 Town Hall
07:22 Arcane Sanctum
07:47 Farm
07:48 Farm
09:44 Farm
12:31 Workshop
14:21 Castle
14:22 Castle
» items
| Scroll of Regeneration | 3 | |
| Scroll of Healing | 1 | |
| Potion of Lesser Invulnerability | 1 | |
| Boots of Speed | 1 | |
| Scroll of Town Portal | 1 | |
7 total
team 2 (winner)

»
DirtMcGirt (
red | 123 APM | 1921 actions | 15:34)
5 Archmage
3 Summon Water Elemental
2 Brilliance Aura
3 Mountain King
2 Storm Bolt
1 Bash
» actions
| Assign group hotkey | 14 | |
| Build / train | 38 | |
| Enter build submenu | 18 | |
| Enter hero's abilities submenu | 8 | |
| Give item / drop item | 2 | |
| Right click | 997 | |
| Select / deselect | 536 | |
| Select group hotkey | 251 | |
| Use ability | 57 | |
1921 total
» units
| Peasant | 8 | |
| Footman | 7 | |
| Priest | 1 | |
| Spell Breaker | 6 | |
22 total
» upgrades
» buildings
| Barracks | 1 | |
| Altar of Kings | 1 | |
| Farm | 8 | |
| Scout Tower | 1 | |
| Arcane Tower | 1 | |
| Keep | 1 | |
| Arcane Sanctum | 2 | |
| Arcane Vault | 1 | |
| Lumber Mill | 1 | |
| Town Hall | 2 | |
| Castle | 1 | |
20 total
» build order
00:08 Barracks
00:13 Altar of Kings
00:17 Farm
00:47 Farm
00:51 Farm
01:33 Scout Tower
02:09 Arcane Tower
02:38 Farm
02:54 Keep
05:27 Arcane Sanctum
05:31 Farm
05:36 Arcane Sanctum
06:18 Farm
06:23 Arcane Vault
07:20 Farm
07:49 Farm
08:34 Lumber Mill
09:22 Town Hall
10:37 Castle
12:20 Town Hall
» items
| Scroll of Town Portal | 1 | |
| Potion of Lesser Invulnerability | 1 | |
2 total
Chat log
(01:05 / All) DirtMcGirt: gl hf
(15:28 / All) Sujini: =(